 Dungeon Crawl Stone Soup version 0.30-a0-634-g8abc85282e (webtiles) character file.

Game seed: 5061517583894329023

2162 pokeman the Thaumaturge (level 9, -1/45 (49) HPs)
             Began as a Deep Elf Hedge Wizard on Jan 15, 2023.
             Was an Initiate of Vehumet.
             Slain by a wight
             ... wielding a +3 trident
              (13 damage)
             ... on level 7 of the Dungeon.
             The game lasted 00:11:58 (6995 turns).

pokeman the Thaumaturge (Deep Elf Hedge Wizard)     Turns: 6995, Time: 00:11:58

HP:   -1/45 (49)    AC:  7    Str:  7    XL:     9   Next: 10%
MP:   25/25         EV: 12    Int: 24    God:    Vehumet [......]
Gold: 205           SH:  0    Dex: 14    Spells: 21/29 levels left

rFire   . . .      SeeInvis .    k - +2 dagger (holy)
rCold   . . .      Faith    .    (no shield)
rNeg    + . .      Spirit   .    A - +3 leather armour
rPois   .          Reflect  .    c - +0 hat
rElec   .          Harm     .    n - +0 cloak
rCorr   .          Rampage  .    (no gloves)
Will    .....                    (no boots)
Stlth   ++                       y - amulet of magic regeneration
HPRegen 0.27/turn                p - ring of positive energy
MPRegen 0.59/turn                D - ring of wizardry

@: drained
A: no striking features
a: Renounce Religion


You were on level 7 of the Dungeon.
You worshipped Vehumet.
Vehumet was noncommittal.
You visited 2 branches of the dungeon, and saw 8 of its levels.

You collected 205 gold pieces.

Inventory:

Hand Weapons
 k - a +2 dagger of holy wrath (weapon)
Missiles
 b - a curare-tipped dart
Armour
 c - a +0 hat (worn)
 n - a +0 cloak (worn)
 A - a +3 leather armour (worn)
Jewellery
 p - a ring of positive energy (left hand)
 t - an amulet of reflection
 y - an amulet of magic regeneration (around neck)
 D - a ring of wizardry (right hand)
Wands
 B - a wand of light (8)
 C - a wand of roots (2)
Scrolls
 a - 2 scrolls of identify {unknown}
 f - 2 scrolls of enchant armour {unknown}
 g - a scroll of butterflies {unknown}
 i - a scroll of enchant weapon {unknown}
 r - 2 scrolls of noise {unknown}
 u - 3 scrolls of fog {unknown}
 v - a scroll of fear {unknown}
 w - a scroll of poison {unknown}
 x - 2 scrolls of amnesia {unknown}
Potions
 d - a potion of magic
 e - 3 potions of heal wounds {unknown}
 h - 2 potions of brilliance {unknown}
 j - a potion of degeneration {unknown}
 l - 6 potions of curing {unknown}
 m - 4 potions of mutation {unknown}
 o - a potion of lignification {unknown}
 q - 2 potions of attraction {unknown}
 s - 2 potions of berserk rage {unknown}
 z - 2 potions of resistance {unknown}


   Skills:
 - Level 2.5 Fighting
 + Level 2.8 Armour
 - Level 3.1 Dodging
 - Level 3.0 Stealth
 * Level 10.8 Spellcasting
 + Level 5.8 Conjurations
 + Level 5.2 Summonings
 - Level 1.1 Translocations
 - Level 1.0 Air Magic
 - Level 1.0 Poison Magic
 + Level 0.8 Evocations


You had 21 spell levels left.
You knew the following spells:

 Your Spells              Type           Power      Damage    Failure   Level
a - Magic Dart            Conj           100%       1d8       1%          1
b - Mephitic Cloud        Conj/Pois/Air  25%        N/A       2%          3
c - Call Imp              Summ           38%        N/A       1%          2
d - Blink                 Tloc           36%        N/A       2%          2

Your spell library contained the following spells:

 Spells                   Type           Power      Damage    Failure   Level
 Beastly Appendage        Tmut           26%        N/A       2%          1
 Slow                     Hex            52%        N/A       2%          1
 Cigotuvi's Dreadful Rot  Necr/Pois/Air  32%        N/A       3%          2
 Sublimation of Blood     Necr           13%        N/A       4%          2
 Wereblood                Tmut           13%        N/A       4%          2
 Spider Form              Tmut/Pois      15%        N/A       7%          3
 Summon Hydra             Summ           19%        N/A       93%         7


Dungeon Overview and Level Annotations

Branches:
Dungeon (7/15)             Temple (1/1) D:7

Altars:
Kikubaaqudgha
Sif Muna
Uskayaw
Vehumet
Xom
Yredelemnul


Message History

Confirm with . or Enter, or press ? or * to list all spells.
Aiming: Magic Dart (safe; 1% risk of failure)
Press: ? - help, Shift-Dir - straight line, f - wight
Aim: a wight, wielding a +3 trident and wearing a +0 robe (ally target, 100% to hit)
The magic dart hits the wight.
The wight is moderately damaged.
The wight misses you.
Your crimson imp blinks!
Casting: Magic Dart (safe; 1% risk of failure)
Confirm with . or Enter, or press ? or * to list all spells.
Aiming: Magic Dart (safe; 1% risk of failure)
Press: ? - help, Shift-Dir - straight line, f/p - wight
Aim: a wight, wielding a +3 trident and wearing a +0 robe (moderately damaged, ally target, 100% to hit)
The magic dart hits the wight.
The wight is moderately damaged.
The wight hits you from afar with a +3 trident.
You partially resist.
You feel drained. The wight hits you with a +3 trident.
You hit the wight but do no damage.
The wight is moderately damaged.
The wight hits you with a +3 trident. You partially resist.
You feel drained.
You barely miss the wight.
The wight is moderately damaged.
The wight hits you but does no damage.
Your crimson imp blinks!
You hit the wight but do no damage.
The wight is moderately damaged.
The wight hits you with a +3 trident. You partially resist.
You feel drained.
You hit the wight.
The wight convulses.
The wight is almost destroyed.
The wight hits you with a +3 trident.
* * * LOW HITPOINT WARNING * * *
Your crimson imp blinks!
You hit the wight.
The wight convulses.
The wight is almost destroyed.
The wight misses you.
You hit the wight but do no damage.
The wight is almost destroyed.
The wight hits you with a +3 trident!
You die...

.## ...###### #####
.##.... ...# ....
.....####.####
#..#####.............
#....#...#.#####.####
#.#.5#.##..#####.# ..#
#.#.@.†#....<....####
.....#.#z###.#..###.......
..<.z(.§.# #..............
.....#.### ###..###.......
..# #. #..# #.......
#.#######..# #.<.....
#..........# #####.##
#.........## #.#
#.################.#


You could see a wight (ally target) and a friendly crimson imp (summoned).

Vanquished Creatures
  Sigmund (D:4)
  A human (D:6)
  2 ogres (D:6)
  A kobold brigand (D:6)
  2 phantoms
  3 bullfrogs
  A necrophage (D:6)
  4 scorpions (D:5)
  A wight (D:7)
  3 killer bees (D:7)
  A vampire bat (D:3)
  2 jellies
  4 hounds
  3 iguanas
  An orc wizard (D:3)
  6 adders
  3 white imps
  An ufetubus (D:6)
  A worm (D:2)
  A dart slug (D:4)
  13 orcs
  3 ball pythons
  15 bats
  3 endoplasms
  5 giant cockroaches
  11 goblins
  8 hobgoblins
  4 jackals
  3 quokkas
  3 frilled lizards
  6 kobolds
  5 rats
121 creatures vanquished.

Vanquished Creatures (collateral kills)
  A steam dragon (D:7)
  An ogre (D:4)
  A killer bee (D:7)
  An orc wizard (D:3)
  3 orcs
  A hobgoblin (D:4)
  2 jackals (D:2)
  A rat (D:3)
11 creatures vanquished.

Grand Total: 132 creatures vanquished

Notes
Turn   | Place    | Note
-------+----------+-------------------------------------------
     0 | D:1      | pokeman the Deep Elf Hedge Wizard began the quest for the
                  | Orb.
     0 | D:1      | Reached XP level 1. HP: 10/10 MP: 7/7
   176 | D:1      | Reached XP level 2. HP: 16/16 MP: 4/9
   517 | D:1      | Found a faded altar of an unknown god.
   668 | D:1      | Reached skill level 5 in Spellcasting
  1235 | D:2      | Reached XP level 3. HP: 20/20 MP: 8/11
  1239 | D:2      | Learned a level 3 spell: Mephitic Cloud
  1242 | D:2      | Learned a level 2 spell: Call Imp
  1245 | D:2      | Learned a level 2 spell: Blink
  1701 | D:2      | Reached skill level 1 in Fighting
  1701 | D:2      | Reached skill level 1 in Armour
  1998 | D:2      | Found a shimmering blue altar of Sif Muna.
  2268 | D:2      | Reached XP level 4. HP: 25/25 MP: 2/13
  2810 | D:3      | Found an ancient bone altar of Kikubaaqudgha.
  2983 | D:3      | Reached skill level 6 in Spellcasting
  2983 | D:3      | Reached XP level 5. HP: 29/29 MP: 12/15
  3309 | D:3      | Reached skill level 1 in Poison Magic
  3543 | D:4      | Noticed a +0 hand axe
  3546 | D:4      | Noticed a +0 dagger
  3573 | D:4      | Noticed a phantom
  3588 | D:4      | Killed a phantom
  3589 | D:4      | Reached skill level 1 in Air Magic
  3589 | D:4      | Reached XP level 6. HP: 18/34 MP: 10/17
  3688 | D:4      | Noticed Sigmund
  3705 | D:4      | Reached skill level 7 in Spellcasting
  3855 | D:4      | Killed Sigmund
  3856 | D:4      | Reached XP level 7. HP: 32/39 MP: 15/20
  3890 | D:4      | Found a hide-covered altar of Uskayaw.
  4615 | D:5      | Entered Level 5 of the Dungeon
  4623 | D:5      | Reached skill level 8 in Spellcasting
  4640 | D:5      | HP: 1/40 [iguana (8)]
  5299 | D:5      | Reached XP level 8. HP: 45/45 MP: 10/22
  5465 | D:5      | Reached skill level 9 in Spellcasting
  5685 | D:6      | Found a shimmering blue altar of Sif Muna.
  5796 | D:6      | Reached skill level 5 in Conjurations
  6135 | D:6      | Found a runed translucent door.
  6136 | D:6      | Found a basalt altar of Yredelemnul.
  6219 | D:6      | Reached skill level 10 in Spellcasting
  6657 | D:7      | Reached skill level 5 in Summonings
  6708 | D:7      | Found a staircase to the Ecumenical Temple.
  6718 | Temple   | Entered the Ecumenical Temple
  6728 | Temple   | Became a worshipper of Vehumet
  6753 | D:7      | Reached XP level 9. HP: 49/49 MP: 20/25
  6995 | D:7      | Slain by a wight

Illustrated notes

Levels and vault maps discovered:
D:1:      mrwooster_arrival_statue_2, layout_basic,
          ebering_ecumenical_altar_webs, dreamdust_princess_corridor
D:2:      layout_basic, basic_altar
D:3:      wander_river, layout_rooms, nicolae_overflow_crystal_walls,
          hangedman_decor_lopped, minmay_misc_feat_more_columns,
          roderic_batcave, minmay_cupped
D:4:      cheibrodos_quashed, layout_cave_pods, dancing_weapons_uskayaw,
          chequers_serial_rivers_room_b, uniq_sigmund
D:5:      layout_rooms
D:6:      layout_basic, lemuel_crystal_altar, dk_yredelemnul_ordeal
D:7:      layout_loops_ring, lemuel_coloured_pillars_altar,
          minmay_temple_entry_mini_moons, uniq_maggie
Temple:   jpeg_temple_clearing

Skill      XL: |  1  2  3  4  5  6  7  8 |
---------------+-------------------------+-----
Spellcasting   | 5 6 7 8 10 | 10.8
Fighting       | 1 2 |  2.5
Armour         | 1 2 |  2.8
Conjurations   | 2 3 4 5 |  5.8
Stealth        | 3 |  3.0
Dodging        | 3 |  3.1
Poison Magic   | 1 |  1.0
Air Magic      | 1 |  1.0
Summonings     | 2 3 5 |  5.2
Translocations | |  1.1
Evocations     | |  0.8

Action                   |  1- 3 |  4- 6 |  7- 9 || total
-------------------------+-------+-------+-------++-------
Melee: Dagger            |    36 |    23 |    35 ||    94
       Punch             |       |     1 |       ||     1
 Cast: Magic Dart        |   119 |    81 |   216 ||   416
       Call Imp          |     1 |     3 |     7 ||    11
       Mephitic Cloud    |       |     5 |    11 ||    16
       Blink             |       |       |     2 ||     2
 Stab: Sleeping          |       |     1 |       ||     1
       Confused          |       |     1 |     3 ||     4
Armor: Robe              |    16 |    12 |     2 ||    30
       Leather armour    |       |       |     9 ||     9
Dodge: Dodged            |    44 |    39 |    36 ||   119
Block: Other             |       |     8 |     1 ||     9

Table legend: (Time is in decaauts)
 A = Elapsed time spent in this place.
 B = Non-inter-level travel time spent in this place.
 C = Inter-level travel time spent in this place.
 D = Time resting spent in this place.
 E = Time spent auto-exploring this place.
 F = Levels seen in this place.
 G = Mean time per level.
                   A        B        C        D        E       F      G
               +--------+--------+--------+--------+--------+-----+--------+
         Total |   7012 |   6744 |    268 |    366 |   5311 |   8 |  876.5 |
       Dungeon |   6992 |   6733 |    259 |    366 |   5308 |   7 |  998.9 |
        Temple |     20 |     11 |      9 |      0 |      3 |   1 |   20.0 |
               +--------+--------+--------+--------+--------+-----+--------+

Top non-repeatable levels by time:
     D:2: 1384 daAuts
     D:1: 1224 daAuts
     D:4: 1205 daAuts
     D:6: 1040 daAuts
     D:3: 1040 daAuts
     D:5: 738 daAuts
     D:7: 357 daAuts
  Temple: 20 daAuts
